AoeStats
← mandalvarado

Arena

509800937Analyzed
1v1 RM · 5d ago on Sep 28, 2026· 41m 8s· 2 players
Game mode
Random Map
Map size
Tiny (2 player)
Population
200
Speed
Normal
Resources
Standard
Victory
Conquest
Starting age
Dark Age
Ending age
Imperial Age
RankedLock teamsTeams togetherTeam positionsShared explorationLock speedFull tech treeHidden civsTurbo modeCheats
Victory
Defeat
🇨🇷 Huns · Costa Rica
888
+14
🇺🇸 Teutons · United States
854
-38
mandalvarado
2:36 Loom
10:20 Feudal Age
12:22 Double-Bit Axe
14:11 Wheelbarrow
17:45 Castle Age
16:18 Forging
16:15 Horse Collar
16:50 Stone Mining
17:06 Gold Mining
20:06 Bow Saw
27:32 Hand Cart
28:28 Marauders
32:13 Imperial Age
30:21 Bloodlines
30:12 Husbandry
31:10 Iron Casting
30:32 Pikeman
32:13 Ballistics
31:57 Squires
31:43 Arson
31:51 Fletching
32:07 Scale Barding Armor
31:55 Fletching
32:06 Padded Archer Armor
33:17 Gold Shaft Mining
32:20 Cavalier
32:48 Capped Ram
33:41 Heavy Plow
35:01 Paladin
36:41 Atheism
36:03 Siege Ram
38:49 Blast Furnace
40:02 Elite Tarkan
Z0mbinized
10:29 Loom
12:15 Feudal Age
13:40 Double-Bit Axe
16:30 Castle Age
28:58 Imperial Age
27:50 Scale Mail Armor
31:03 Wheelbarrow
30:49 Bow Saw
30:20 Horse Collar
32:01 Chain Mail Armor
32:41 Gold Mining
33:05 Elite Skirmisher
37:19 Pikeman
39:14 Halberdier
40:08 Forging
Connection lost

Rejoining the realm…

Still unreachable

The connection could not be restored.

Session expired

The server has moved on; the page needs a fresh start.